 Dungeon Crawl Stone Soup version 0.31.0-12-g77e489cdc1 (webtiles) character file.

Game seed: 16858387861711705784

59 spaghetti the Cutter (level 4, 19/42 HPs)
             Began as a Naga Berserker on Feb 17, 2024.
             Was a Follower of Trog.
             Quit the game on level 2 of the Dungeon.
             The game lasted 00:01:14 (961 turns).

spaghetti the Cutter (Naga Berserker)                Turns: 961, Time: 00:01:15

Health: 19/42      AC:  7    Str: 20    XL:     4   Next: 3%
Magic:  4/4        EV:  4    Int:  7    God:    Trog [*.....]
Gold:   23         SH:  0    Dex: 12    Spells: 3/3 levels left

rFire   . . .        f - +3 spear
rCold   . . .        (no shield)
rNeg    . . .        h - +0 plate armour
rPois   +            (no helmet)
rElec   .            (no cloak)
rCorr   .            (no gloves)
SInv    +            (no barding)
Will    .....        (no amulet) Stlth
                     (no ring)
HPRegen 0.27/turn    (no ring)
MPRegen 0.09/turn

%: no passive effects
@: on berserk cooldown, slowed, very slow
A: AC +1, large, see invisible, deformed body, poison resistance, slowness 2,
spit poison 1, naga tail 1
a: Spit Poison, Renounce Religion, Berserk


You were on level 2 of the Dungeon.
You worshipped Trog.
Trog was aware of your devotion.
You visited 1 branch of the dungeon, and saw 2 of its levels.

You collected 23 gold pieces.

Inventory:

Hand Weapons
 a - a +0 short sword
 f - a +3 spear (weapon)
Armour
 b - a +0 animal skin
 h - a +0 plate armour (worn)
Scrolls
 c - a scroll of identify {unknown}
 d - a scroll of enchant weapon {unknown}
 g - a scroll of poison {unknown}
Potions
 e - a potion of berserk rage {unknown}


   Skills:
 - Level 3.0 Fighting
 + Level 4.0 Short Blades
 - Level 1.5 Armour
 - Level 1.5 Dodging
 + Level 3.9 Stealth


You had 3 spell levels left.
You didn't know any spells.
Your spell library was empty.

Dungeon Overview and Level Annotations

Branches:
Dungeon (2/15)

Altars:


Innate Abilities, Weirdness & Mutations

Your serpentine skin is tough. (AC +1)
You have supernaturally acute eyesight. (SInv)
Armour fits poorly on your strangely shaped body.
Your system is resistant to poisons. (rPois)
You cover ground very slowly.
You can spit poison.
You have a snake-like lower body.


Message History

You kill the gnoll!
Trog accepts your kill.
You have got your breath back.
The gnoll hits you from afar with a +3 spear.
You puncture the gnoll!
The gnoll is severely wounded.
You closely miss the gnoll.
The gnoll is severely wounded.
The gnoll hits you with a +0 whip. The gnoll barely misses you.
You puncture the gnoll!
You kill the gnoll!
Trog accepts your kill.
Found a murky cyan potion.
The gnoll hits you with a +3 spear!
Things that are here:
a +0 whip; a +1 whip of pain; a gnoll corpse You hit the gnoll but do no damage.
The gnoll hits you with a +3 spear.
You hit the gnoll.
The gnoll is lightly wounded.
You puncture the gnoll!
The gnoll is severely wounded.
The gnoll hits you with a +3 spear!
You barely miss the gnoll.
The gnoll is severely wounded.
You puncture the gnoll!
You kill the gnoll!
Trog accepts your kill.
Your Short Blades skill increases to level 4!
You have reached level 4!
You feel stronger.
You see here a +3 spear.
f - a +3 spear You feel a strong urge to attack something.
You are no longer berserk.
You are exhausted.
You feel yourself slow down.
Things that are here:
a +0 whip; a +1 whip of pain; a gnoll corpse
Okay, then.
f - a +3 spear (weapon)
Are you sure you want to abandon this character and quit the game? (Confirm with "yes".)

.... #.#.##### .#
........# .# ........# )#
....(# ........# .#
...... ........#
.#######.g...#
.......)##.##...#.......
........@..##...#.......
...!....#.###...#........
........#.......#........
........####....)........
........# ##...#........
........# #...#....>...
........# #...###......
#############...###......
#...................


There were no monsters in sight!

Vanquished Creatures
  3 gnolls (D:2)
  A dart slug (D:1)
  6 ball pythons (D:1)
  2 endoplasms
  A giant cockroach (D:1)
  4 goblins
  3 hobgoblins (D:1)
  A bat (D:1)
  3 kobolds
  4 rats (D:1)
28 creatures vanquished.

Notes
Turn   | Place    | Note
-------+----------+-------------------------------------------
     0 | D:1      | spaghetti the Naga Berserker began the quest for the Orb.
     0 | D:1      | Reached XP level 1. HP: 21/21 MP: 1/1
   120 | D:1      | Reached skill level 1 in Stealth
   150 | D:1      | Reached XP level 2. HP: 28/28 MP: 2/2
   599 | D:1      | Reached XP level 3. HP: 29/34 MP: 3/3
   957 | D:2      | Reached skill level 4 in Short Blades
   957 | D:2      | Reached XP level 4. HP: 28/42 MP: 4/4
   961 | D:2      | Quit the game

Illustrated notes

Levels and vault maps discovered:
D:1:      saegor_arrival_simple_a, layout_basic, serial_glass, glass_columns_a,
          glass_columns_b, glass_columns_a, glass_columns_a, glass_columns_b,
          glass_columns_b, glass_columns_b, glass_columns_a
D:2:      layout_basic

Skill      XL: |  1  2  3 |
---------------+----------+-----
Stealth        | 1 2 3 |  3.9
Short Blades   | 4 |  4.0
Fighting       | |  3.0
Armour         | |  1.5
Dodging        | |  1.5

Action                     |  1- 3 |  4- 6 || total
---------------------------+-------+-------++-------
  Melee: Short sword       |    45 |       ||    45
 Invoke: Berserk           |     1 |       ||     1
Ability: Spit Poison       |    21 |       ||    21
    Use: Potion            |     1 |       ||     1
 Armour: Animal skin       |    16 |       ||    16
         Plate armour      |    11 |       ||    11
         Skin              |     1 |       ||     1
  Dodge: Dodged            |    17 |       ||    17
